 Dungeon Crawl Stone Soup version 0.28-b1-25-g9875b3fc8c (webtiles) character file.

Game seed: 11727371698596096504

66 pkoi the Covered (level 3, 0/33 HPs)
             Began as a Minotaur Fighter on Feb 1, 2022.
             Slain by Sigmund (8 damage)
             ... on level 2 of the Dungeon.
             The game lasted 00:00:58 (1279 turns).

pkoi the Covered (Minotaur Fighter)                 Turns: 1279, Time: 00:00:59

Health: 0/33       AC:  7    Str: 22    XL:     3   Next: 96%
Magic:  2/2        EV:  9    Int:  5    God:
Gold:   87         SH:  4    Dex:  9    Spells: 2/2 levels left

rFire   . . .      SeeInvis .   a - +0 flail
rCold   . . .      Faith    .   c - +0 buckler
rNeg    . . .      Spirit   .   b - +0 scale mail
rPois   .          Reflect  .   (helmet restricted)
rElec   .          Harm     .   (no cloak)
rCorr   .          Rampage  .   (no gloves)
Will    .....                   (no boots)
Stlth   ..........              (no amulet)
HPRegen 0.11/turn               (no ring)
MPRegen 0.08/turn               (no ring)

@: slowed, very slow
A: horns 2, retaliatory headbutt
a: no special abilities


You were on level 2 of the Dungeon.
You visited 1 branch of the dungeon, and saw 2 of its levels.

You collected 87 gold pieces.

Inventory:

Hand Weapons
 a - a +0 flail (weapon)
Missiles
 h - 5 atropa-tipped darts (quivered)
Armour
 b - a +0 scale mail (worn)
 c - a +0 buckler (worn)
Scrolls
 e - 2 scrolls of teleportation {unknown}
 g - a scroll of immolation {unknown}
 i - a scroll of identify {unknown}
 j - a scroll of enchant weapon {unknown}
Potions
 d - 2 potions of might
 f - a potion of heal wounds {unknown}


   Skills:
 + Level 4.1 Fighting
 * Level 3.7 Maces & Flails
 + Level 4.2 Armour
 + Level 4.1 Shields


You had 2 spell levels left.
You didn't know any spells.
Your spell library was empty.

Dungeon Overview and Level Annotations

Branches:
Dungeon (2/15)

Altars:

Annotations:
D:2 Sigmund


Innate Abilities, Weirdness & Mutations

You have a pair of horns on your head.
You reflexively headbutt those who attack you in melee.


Message History

The giant cockroach barely misses you. You furiously retaliate!
You headbutt the giant cockroach.
You kill the giant cockroach!
A gnoll comes into view. It is wielding a +0 spear.
You closely miss Natasha.
The gnoll shouts!
Natasha barely misses you. Natasha claws you.
Sigmund laughs darkly.
Sigmund gestures wildly while chanting.
Sigmund flickers and vanishes!
Deactivating autopickup; reactivate with Ctrl-A.
You barely miss Natasha. You headbutt Natasha!
Natasha is almost dead.
Natasha mumbles some strange words.
Natasha casts a spell at you.
You feel yourself slow down.
You hit Natasha but do no damage.
Natasha is almost dead.
Something completely misses you. Natasha claws you but does no damage.
Something hits you!
You closely miss Natasha.
Natasha is almost dead.
Natasha claws you but does no damage.
A gnoll breaks down the door.
Natasha claws you. You block something's attack.
Unknown command.
You closely miss Natasha.
Natasha is almost dead.
Natasha casts a spell at you.
You feel as though you will be slow longer.
A gnoll comes into view. It is wielding a +0 flail.
Something hits you! Natasha claws you.
* * * LOW HITPOINT WARNING * * *
The gnoll shouts!
You hit Natasha.
You kill Natasha!
Natasha screams in fury as she dies!
The crimson imp disappears in a puff of smoke!
You hear a shout!
Something hits you!
You die...

.......#..#...####.#.#..#
#.....
####.###.#..†...##.#.#..#
#####+
####.....##.....##......#
#.
...)............####.##.#
######. .####...####.#..#
#.##.# #...... #...#
#.##.## #.##.###.#####
.####...####.##..#
#.............
....'...'....###.#
####.###.#....
.####...###### #@# #.#
#...... #######
#†######.# ###.... #...
#{g....#.# #.... .....
gJ.....#.# #....
#.....##......#.# ###+#
#.....†....####.#
#......###g# .#####J ...
#. .#.#


You could see 3 gnolls and an endoplasm.

Vanquished Creatures
  Natasha (D:2)
  2 adders (D:2)
  A dart slug (D:1)
  An orc (D:2)
  5 ball pythons
  A bat (D:1)
  3 endoplasms (D:1)
  2 giant cockroaches
  3 goblins
  2 hobgoblins
  2 jackals (D:2)
  5 kobolds
  3 quokkas (D:1)
  4 frilled lizards (D:1)
  7 rats (D:1)
  A spectral kobold (D:1)
43 creatures vanquished.

Notes
Turn   | Place    | Note
-------+----------+-------------------------------------------
     0 | D:1      | pkoi the Minotaur Fighter began the quest for the Orb.
     0 | D:1      | Reached XP level 1. HP: 19/19 MP: 0/0
   109 | D:1      | Reached XP level 2. HP: 22/27 MP: 1/1
   668 | D:1      | Reached XP level 3. HP: 32/33 MP: 2/2
   793 | D:1      | Found a faded altar of an unknown god.
  1265 | D:2      | Noticed Natasha
  1265 | D:2      | Noticed Sigmund
  1279 | D:2      | Killed Natasha
  1279 | D:2      | Slain by Sigmund

Illustrated notes

Levels and vault maps discovered:
D:1:      dpeg_arrival_erosion, layout_loops_ring,
          dreamdust_ecumenical_altar_drowned_temple
D:2:      layout_basic, uniq_natasha, uniq_robin, uniq_sigmund

Skill      XL: |  1  2  3 |
---------------+----------+-----
Maces & Flails | 3 |  3.7
Armour         | 4 |  4.2
Shields        | 4 |  4.1
Fighting       | 4 |  4.1

Action                   || total
-------------------------++-------
Melee: Flail             ||    86
       Headbutt          ||    10
Armor: Scale mail        ||    42
Dodge: Dodged            ||    39
Block: Buckler           ||    18
